[Event "11th Festival Palmanova-A 2022"]
[Site "Strassoldo"]
[Date "2022.12.10"]
[Round "5.5"]
[White "Belli, Giorgio"]
[Black "Ceschia, Ivano"]
[Result "0-1"]
[ECO "B32"]
[WhiteElo "2165"]
[BlackElo "2217"]
[Annotator "TA"]
[PlyCount "80"]
[EventDate "2022.12.08"]
[EventType "swiss"]
[EventCountry "ITA"]
[SourceTitle "playchess.com"]
[Source "ChessBase"]
[SourceQuality "1"]
[TimeControl "5400+30"]

1. e4 c5 2. Nf3 Nc6 3. d4 cxd4 4. Nxd4 e5 5. Nb5 d6 6. N1c3 a6 7. Na3 b5 {[%emt 0:00:00] The old main line.} 8. Nd5 Nce7 9. Bxb5+ $2 {[%emt 0:05:42] B32: Sicilian: Löwenthal and Kalashnikov Variations.} axb5 $19 10. Nxb5 {[%emt 0:00:07] [#]} Nxd5 (10... Qa5+ $2 11. b4 Qxb5 12. Nc7+ Kd7 13. Nxb5 $18) 11. Qxd5 {[%emt 0:03:16] Black is clearly better.} Ra6 ({Black should play} 11... Rb8 $19 {And now ...Bb7 would win.} 12. a4 Bb7) 12. Qc4 $11 {[%emt 0:00:17] [#]} Kd7 $146 {[%emt 0:00:00] Prevents Nc7.} ({Predecessor:} 12... Rb6 13. Nc7+ Kd7 14. Qxf7+ Qe7 15. Qxe7+ Nxe7 16. Nd5 Nxd5 17. exd5 Ba6 18. b3 Be7 {½-½ (69) Carlsen,E (1805)-Zenaidi,K (1773) Gausdal 2007}) 13. Be3 Rc6 14. Qxf7+ (14. Qa4 $5 ) 14... Qe7 {[%emt 0:00:00] Dancing on a razor blade.} 15. Qb3 (15. Qf3 $11) 15... Qe6 $1 $15 16. Qxe6+ (16. O-O $15) 16... Kxe6 $17 {[%emt 0:00:00] White is on the road to losing.} 17. Kd2 ({White should try} 17. Na7 Rxc2 18. Kd1 Rxb2 19. Nxc8) 17... Ba6 18. Nc3 Nf6 {[%emt 0:00:00] Against Nd5} 19. b4 (19. a4 $17) 19... Be7 $19 {[%emt 0:09:00] aiming for ...Rhc8.} 20. b5 {[%emt 0:00:00] [#]} Rxc3 21. Kxc3 Bxb5 ({Not} 21... Nxe4+ 22. Kd3 Bb7 23. f3 $11) 22. f3 d5 {[%emt 0:00:00][%mdl 1024] Black has strong compensation.} 23. Bg5 $2 (23. Kd2) 23... Rc8+ (23... dxe4 $2 24. Bxf6 Rc8+ 25. Kb3 gxf6 26. fxe4 $19) 24. Kb2 Bb4 {[%emt 0:00:00] White must now prevent ...Bc3+.} (24... dxe4 $2 25. Bxf6 gxf6 26. fxe4) 25. Kb3 Bc3 {[%emt 0:00:00] Hoping for ...Bd4.} 26. Bxf6 Bxa1 {[%emt 0:00:00] A strong pair of Bishops.} (26... gxf6 $2 {perishes.} 27. a4 Bxa1 28. exd5+ Kxd5 29. Rxa1 $19) (26... Kxf6 $2 {is the wrong capture.} 27. exd5 Bxa1 28. Rxa1 $19) 27. Bxg7 $2 (27. exd5+ $19 Kxd5 28. Rxa1 gxf6 29. a4 Bc4+ 30. Kb2) 27... Bd4 (27... Bc4+ $142 28. Kb4 Bd4 29. exd5+ Bxd5 30. Rd1 Rxc2 31. f4 Bc3+ 32. Kc5 Bd2+ 33. Kb5 Bc6+ 34. Ka6 Bxf4 35. a3 Rxg2 36. Bf8 e4 37. Rf1 Ke5 38. Bb4 e3 39. Rc1 Rg6 40. Ka5 Bxh2 41. Be1 Kd4 42. Kb6 Be8+ 43. Ka5 Bd6 44. Rd1+ Ke4 45. a4 e2 46. Rd2 Bc7+ 47. Kb4 Ke3 48. Rb2 Rg4+ 49. Kb3 Bxa4+ 50. Ka3 Be5 51. Bd2+ Kd3 52. Be1 Bxb2+ 53. Kxb2 Rg1 54. Ka3 Rxe1 55. Kb4 Rb1+ 56. Kc5 e1=Q 57. Kd6 Qe8 58. Kd5 Rb6 59. Kc5 Qc6#) 28. c3 Rxc3+ 29. Kb4 Bd3 30. exd5+ Kxd5 {[%emt 0:00:00] ( -> ...Rc4+)} 31. Rd1 Bc2 32. Rd2 Rc7 (32... Rc4+ $142 33. Kb5 Ba4+ 34. Ka6 Bc6 35. Rxd4+ exd4 36. Bh6 Ra4+ 37. Kb6 d3 38. a3 Rxa3 39. g4 Ra2 40. h4 d2 41. Bxd2 Rxd2 42. f4 Rb2+ 43. Ka6 Kc5 44. Ka7 Ra2+ 45. Kb8 Kb6 46. h5 Ra8#) 33. Bh8 Rb7+ (33... Rc4+ $142 34. Kb5 Ba4+ 35. Ka6 Bc6 36. Rxd4+ exd4 37. Bf6 d3 38. Bg5 Ra4+ 39. Kb6 Rxa2 40. Kc7 Rxg2 41. Bh6 d2 42. Bxd2 Rxd2 43. h4 Kc5 44. h5 Rd7+ 45. Kb8 Kb6 46. Kc8 Re7 47. h6 Re8#) 34. Ka3 Bg6 35. Rd1 Kc4 {[%emt 0:00:00][%cal Rb7a7] Black is clearly winning.} 36. Rc1+ Bc3 37. Rxc3+ Kxc3 38. Bxe5+ Kc2 39. g4 Bf7 {[%emt 0:00:00][%cal Of7a2] Strongly threatening ...Bxa2!} 40. f4 {[%emt 0:00:17] [#]} Bxa2 $1 {[%emt 0:00:04][%mdl 512] Weighted Error Value: White=1.14/Black=0.78} 0-1

[Event "11th Festival Palmanova-A 2022"]
[Site "Strassoldo"]
[Date "2022.12.10"]
[Round "5.6"]
[White "Lumachi, Gabriele"]
[Black "Urbani, Gabriel"]
[Result "1-0"]
[ECO "D35"]
[WhiteElo "2394"]
[BlackElo "2110"]
[Annotator "TA"]
[PlyCount "113"]
[EventDate "2022.12.08"]
[EventType "swiss"]
[EventCountry "ITA"]
[SourceTitle "playchess.com"]
[Source "ChessBase"]
[SourceQuality "1"]
[TimeControl "5400+30"]

1. d4 d5 2. c4 e6 3. Nc3 Nf6 4. Nf3 Be7 5. Bf4 Nbd7 6. e3 c6 7. h3 O-O 8. cxd5 exd5 9. Bd3 Re8 10. Qc2 Nf8 11. O-O-O Ng6 12. Bh2 Bd6 13. Bxd6 Qxd6 14. g4 {[%emt 0:00:00] has lost popularity (14.Kb1).} b5 {[%emt 0:04:00] D35: Queen's Gambit Declined: Exchange Variation.} 15. Kb1 a5 16. Rc1 {[%emt 0:00:00] [#]} Bb7 $146 (16... Ba6 $14) ({Predecessor:} 16... Ba6 17. g5 Nd7 18. h4 Ngf8 19. h5 a4 20. g6 fxg6 21. hxg6 h6 22. Ne2 b4 {½-½ (44) Veselov,Y (2114)-Badelka,O (2431) Cheliabinsk 2022}) 17. Rhg1 (17. g5 $16) 17... Nd7 18. h4 Nb6 19. Ng5 (19. Ne2 {simplifies} a4 20. h5 Nf8 21. g5) 19... b4 {[%emt 0:08:28] Against h5} 20. h5 (20. Ne2 $142 $1) 20... bxc3 $16 21. hxg6 fxg6 22. Qxc3 (22. bxc3 Ba6 23. Bxa6 Rxa6 $15) 22... Qf6 {[%emt 0:04:44] [#]} 23. Nh3 Rec8 24. g5 Qf7 25. Qc5 (25. Nf4 $16) 25... Ba6 $1 $11 26. Bxa6 Rxa6 27. Nf4 $36 {[%emt 0:00:00][%mdl 2048] White is more active.} Qb7 $2 {[%emt 0:03:29] Black is on the road to losing.} (27... Nc4 $11) 28. Qd6 $16 {[%emt 0:00:00] White has more active pieces.} Ra7 29. Qe6+ Qf7 30. Rxc6 Qxe6 31. Rxe6 Rb7 {[%emt 0:02:16] [#]} (31... Nc4 $16) 32. Rc1 $1 $18 {[%emt 0:00:00] aiming for Rxc8+.} Nc4 {[%emt 0:00:34] ( -> ...Nd2+)} 33. Ka1 {[%emt 0:00:00] Black must now prevent b3.} (33. Nxd5 $2 Nd2+ 34. Ka1 Rxc1#) 33... Rcb8 34. b3 ({Less strong is} 34. Nxd5 Rxb2 35. Ra6 (35. Rxc4 $2 Rb1#) 35... Nd2 $16) 34... Nd2 35. Rc2 Ne4 36. Ra6 {[%emt 0:00:00] Inhibits a4.} Nxg5 37. Rxa5 ({But not} 37. Nxd5 Nf3 38. Rxa5 h5) 37... Nf3 38. Rxd5 g5 39. Ne6 h6 40. Nd8 Rb6 41. Rc7 {[%emt 0:00:00] Hoping for Rdd7.} Ra8 (41... Kh7 {was worth a try.} 42. Rdd7 Rg6) 42. Rdd7 Rg6 43. Nc6 Kh7 44. Rf7 {[%emt 0:01:45] Against h5} g4 45. Ne7 {[%emt 0:04:22] Prevents h5.} Rga6 46. a4 Ng5 47. Rf5 Rb6 48. Ka2 Rab8 (48... Ne4 $142 49. d5 Nd6) 49. Nc6 {[%emt 0:00:16] White is clearly winning.} Ne6 50. Nxb8 Nxc7 {[%emt 0:00:01][%mdl 4096] Endgame KRN-KRN} 51. Nd7 Rb7 52. Ne5 Nd5 53. Nxg4 Nc3+ 54. Ka3 g6 55. Rc5 Ne4 56. Rb5 Rc7 57. Re5 {[%emt 0:00:24] Against h5.   Weighted Error Value: White=0.13 (very precise) /Black=0.28 (precise)} 1-0

[Event "11th Festival Palmanova-A 2022"]
[Site "Strassoldo"]
[Date "2022.12.10"]
[Round "5.7"]
[White "Titze, Leo"]
[Black "Liloni, Francesco Mattia"]
[Result "0-1"]
[ECO "A85"]
[WhiteElo "2252"]
[BlackElo "1909"]
[Annotator "TA"]
[PlyCount "88"]
[EventDate "2022.12.08"]
[EventType "swiss"]
[EventCountry "ITA"]
[SourceTitle "playchess.com"]
[Source "ChessBase"]
[SourceQuality "1"]
[TimeControl "5400+30"]

1. d4 f5 2. c4 Nf6 3. Nc3 g6 4. Nf3 Bg7 5. Bf4 d6 6. h3 O-O 7. e3 Qe8 {[%emt 0:06:13] A85: Dutch Defence: 2 c4 Nf6 3 Nc3.} 8. Qc2 {[%emt 0:07:36] [#]} (8. Qb3 $14) 8... a6 $146 (8... Nc6 $11) ({Predecessor:} 8... c6 9. b4 Nbd7 10. a4 e5 11. Bh2 e4 12. Nd2 Qe6 13. b5 Nh5 14. Be2 Nhf6 15. a5 {1-0 (28) Obregon Garcia,R (2167)-Tazetdinova,A (1451) Chess.com INT 2021}) 9. c5 Nbd7 (9... Nc6 $11) 10. Bc4+ $14 Kh8 $1 11. Be6 {[%emt 0:04:52] Inhibits e5.} (11. O-O $14) 11... dxc5 $11 12. Bxc7 cxd4 13. exd4 (13. Nxd4 Nc5 14. Bc4 Bd7 $15) 13... Nc5 14. Bxc8 (14. Bd5 $5 ) 14... Rxc8 15. Be5 $36 {[%emt 0:01:24][%mdl 2048] White has good play.} Nce4 16. O-O Nxc3 (16... Nd5 $15) 17. bxc3 Ne4 (17... Qc6 $11) 18. c4 (18. Bxg7+ {simplifies} Kxg7 19. c4 b5 20. c5) 18... b5 19. c5 Qd7 20. Rfd1 (20. Bxg7+ {simplifies} Kxg7 21. Qb2 Rfd8 22. Rfd1) 20... Qd5 21. Bxg7+ Kxg7 22. Rac1 Rfd8 23. c6 ({White should try} 23. Qb2 $16) 23... Rc7 ({Black should play} 23... b4 $11) 24. Ne5 $14 b4 25. Rd3 Nc3 26. a3 ({Better is} 26. Re1 $1 $14) 26... Qe4 $11 {[%emt 0:01:49] aiming for ...Ne2+.} 27. f3 ({Of course not} 27. axb4 Ne2+ 28. Kh1 Nxd4 $17) 27... Qf4 {[%emt 0:00:37][%cal Of4c1] Threatens to win with ...Qxc1+!} (27... Ne2+ $2 28. Kf2 Qf4 29. Kxe2 $18 (29. Qxe2 Qxc1 30. Rd1 Qg5 $11)) 28. axb4 $2 {[%emt 0:02:19][%mdl 8192] [#] White is now going downhill.} (28. Re1 $11) 28... Qxc1+ $3 $19 {[%emt 0:00:11][%mdl 576] Deflection, Decoy} 29. Qxc1 Ne2+ 30. Kf2 Nxc1 31. Rd1 Nb3 32. Ke3 Rb8 33. d5 Rxb4 34. d6 exd6 35. Rxd6 Nc5 36. f4 a5 37. Rd5 Ne6 38. Rxa5 Re4+ 39. Kd3 Nxf4+ 40. Kc3 Kf6 41. Nd7+ Ke7 42. Nb8 Kd6 {[%emt 0:00:23] [#] And now ...Rc8 would win.} 43. g3 Nd5+ 44. Kd3 Nb4+ {[%emt 1:02:25] Weighted Error Value: White=0.61/Black=0.32} (44... Rce7 $142 45. Nd7 Nb4+ 46. Kd2 Rd4+ 47. Kc3 Nxc6 48. Rc5 Re3+ 49. Kb2 Rd2+ 50. Rc2 Rxc2+ 51. Kxc2 Kxd7 52. Kd2 Rxg3 53. Ke2 Rxh3 54. Kf2 f4 55. Kg1 Rf3 56. Kg2 Ne5 57. Kg1 Ng4 58. Kg2 Rb3 59. Kf1 f3 60. Ke1 Rd3 61. Kf1 Rd1#) 0-1

[Event "11th Festival Palmanova-A 2022"]
[Site "Strassoldo"]
[Date "2022.12.10"]
[Round "5.8"]
[White "Perossa, Nicolas"]
[Black "Savanovic, Aleksandar"]
[Result "0-1"]
[ECO "B04"]
[WhiteElo "2195"]
[BlackElo "2365"]
[Annotator "TA"]
[PlyCount "73"]
[EventDate "2022.12.08"]
[EventType "swiss"]
[EventCountry "ITA"]
[SourceTitle "playchess.com"]
[Source "ChessBase"]
[SourceQuality "1"]
[TimeControl "5400+30"]

1. e4 Nf6 2. e5 Nd5 3. c4 Nb6 4. d4 d6 5. exd6 cxd6 6. Nc3 g6 7. h3 Bg7 8. Nf3 O-O 9. Be2 Nc6 10. O-O Bf5 11. Be3 d5 12. c5 Nc4 13. Bc1 b6 14. cxb6 axb6 15. b3 {[%emt 0:06:19] B04: Alekhine's Defence: 4 Nf3.} Na3 16. Bxa3 Rxa3 {[%emt 0:00:05] [#]} 17. Bb5 $146 {[%emt 0:18:58] The position is equal.} ({Predecessor:} 17. Nb5 Ra5 18. Rc1 Qd7 19. a4 Bf6 20. Qd2 Rc8 21. Rc3 h5 22. Rfc1 Raa8 23. Qe3 {½-½ (70) Rios Parra,A (2291)-Garcia,G (2389) El Bagre 2010}) 17... Nb4 18. Ba4 Bh6 {[%emt 0:00:26] Prevents Qd2. This pair of bishops is nice.} 19. Qe2 Bd3 20. Qb2 Rxa4 21. bxa4 Bxf1 22. Rxf1 Nd3 $36 {[%emt 0:05:19][%mdl 2048] Black has the initiative.} 23. Qb5 Nf4 24. Rb1 (24. g3 {seems wilder.} Qc8 25. Nxd5 Qxh3 26. Ne3) 24... Qa8 {[%emt 0:00:46] Against Qc6} 25. g3 Qc8 26. Nxd5 Qxh3 {[%emt 0:00:18][%csl Gf4][%cal Rh3g2] [#]} 27. Nxf4 Bxf4 28. Qf1 ({Much weaker is} 28. Qxb6 Rb8 29. Qxb8+ Bxb8 30. Rxb8+ Kg7 $19) ({White should try} 28. Ne5 $11 Bxg3 29. fxg3 Qxg3+ 30. Kf1) 28... Qxf1+ $1 $15 29. Kxf1 {[%emt 0:00:05][%mdl 4096] Endgame KRB-KRN} Bd6 30. Rxb6 {[%emt 0:06:19] [#] aiming for a5.} Ra8 {[%emt 0:00:06] Inhibits a5.} 31. Ke2 Rxa4 32. Rb2 h5 33. Kd3 f6 {[%emt 0:06:07] Black is more active.} 34. Nd2 $1 g5 35. Ne4 Ba3 36. Nc3 $2 (36. Rb3 $15) 36... Rxd4+ $19 37. Kxd4 {[%emt 0:16:43] Weighted Error Value: White=0.41/Black=0.03 (flawless)} 0-1

[Event "11th Festival Palmanova-A 2022"]
[Site "Strassoldo"]
[Date "2022.12.10"]
[Round "5.9"]
[White "Iolis, Oleg"]
[Black "Negro, Roberto"]
[Result "0-1"]
[ECO "B06"]
[WhiteElo "2212"]
[BlackElo "2117"]
[Annotator "TA"]
[PlyCount "53"]
[EventDate "2022.12.08"]
[EventType "swiss"]
[EventCountry "ITA"]
[SourceTitle "playchess.com"]
[Source "ChessBase"]
[SourceQuality "1"]
[TimeControl "5400+30"]

1. e4 d6 2. d4 g6 3. Nc3 Bg7 4. Bg5 a6 5. Qd2 b5 6. a4 {[%emt 0:00:15] B06: Modern Defence.} b4 7. Nd5 a5 8. c3 {[%emt 0:00:42] White is slightly better.} h6 {[%emt 0:04:45] [#]} 9. Bf4 $146 ({White should try} 9. Bh4 $14) ({Predecessor:} 9. Bh4 Nf6 10. Nxf6+ exf6 11. Bd3 O-O 12. Ne2 c5 13. O-O Nc6 14. f4 Qb6 15. d5 {0-1 (99) Taichman,O (2293)-Maksimovic,B (2455) Chess.com INT 2022}) 9... e6 10. Ne3 bxc3 11. bxc3 Nf6 12. Bd3 Nh5 13. Ne2 Nxf4 14. Nxf4 O-O 15. O-O Nd7 16. Ne2 (16. Nc4 {keeps more tension.} d5 17. exd5 exd5 18. Nxd5 Nc5 19. Nxc7 Qxc7 20. dxc5 Qxc5 21. Qe3) 16... e5 17. f4 exd4 18. Nxd4 Bb7 19. f5 Nc5 20. fxg6 fxg6 21. Rxf8+ Qxf8 22. Rf1 Qe8 23. Nb5 (23. Nd5 $1 $11) 23... Rc8 $17 (23... Bxe4 $2 24. Nxc7 Qe5 25. Nc4 $18) (23... Nxe4 24. Qa2+ Kh8 25. Nxc7 $14) 24. Nd5 {[%emt 0:04:15] [#]} Bxd5 ({Much less strong is} 24... Nxa4 25. Ndxc7 (25. Nbxc7 Qe5 $16) 25... Qc6 26. Ne6 $18) ({Reject} 24... Nxe4 $6 25. Qa2 Kh7 26. Re1 Bxd5 27. Qxd5 $11) (24... Qe5 $1 $17 {White must now prevent ...c6.} 25. Bc2 Nxe4 26. Bxe4 Qxe4 27. Nbxc7 Rf8) 25. exd5 $11 Nxa4 26. Ra1 (26. Nd4 $11 {keeps the balance.}) 26... Nc5 $17 {[%emt 0:00:19] Strongly threatening ...Nb3.} 27. Bc2 $2 {[%emt 0:00:25][%mdl 8192] Inhibits Nb3.   Weighted Error Value: White=0.26 (precise) /Black=0.11 (very precise)} 0-1

[Event "11th Festival Palmanova-A 2022"]
[Site "Strassoldo"]
[Date "2022.12.10"]
[Round "5.10"]
[White "Bardone, Lorenzo"]
[Black "Piangerelli, Michele"]
[Result "1/2-1/2"]
[ECO "E06"]
[WhiteElo "2215"]
[BlackElo "2017"]
[Annotator "TA"]
[PlyCount "97"]
[EventDate "2022.12.08"]
[EventType "swiss"]
[EventCountry "ITA"]
[SourceTitle "playchess.com"]
[Source "ChessBase"]
[SourceQuality "1"]
[TimeControl "5400+30"]

1. d4 d5 2. c4 c6 3. Nf3 Nf6 4. g3 e6 5. Bg2 dxc4 6. O-O Nbd7 7. a4 Be7 8. Qc2 O-O 9. Qxc4 {[%emt 0:04:38] E06: Closed Catalan: Early deviations.} a5 10. Nc3 Nb6 11. Qb3 {[%emt 0:05:55] White is slightly better.} Nbd5 12. Rd1 Qc7 {[%emt 0:07:50] [#]} 13. Bg5 $146 ({Predecessor:} 13. Ne5 Rd8 14. Nc4 Bb4 15. e4 Bxc3 16. bxc3 b5 17. Ne5 Ne7 18. Ba3 Bb7 19. Nd3 bxa4 {1-0 (55) Palacios,E (2160)-Diaz Moscol,J (1591) Lima 2015}) 13... h6 14. Bxf6 Bxf6 15. e4 Nxc3 16. Qxc3 Rd8 17. e5 Be7 18. Nd2 Bb4 19. Qc4 Bd7 20. Nb3 Rac8 21. Nc5 Be8 22. Rac1 Bxc5 23. Qxc5 b6 24. Qc3 c5 25. b3 Bc6 26. Bxc6 Qxc6 27. dxc5 Rxd1+ 28. Rxd1 Qxc5 29. Qxc5 Rxc5 $11 {[%emt 0:01:02][%mdl 4096] Endgame KR-KR} 30. Rd8+ Kh7 31. Rb8 Rc6 32. g4 Kg6 33. Rb7 Kg5 34. Rxf7 Kxg4 35. Rxg7+ Kf5 36. Rg3 Kxe5 37. Rh3 Rc1+ 38. Kg2 Rb1 39. Rh5+ Kd6 40. Rb5 Kc6 41. h4 Rc1 (41... e5 $11 {remains equal.}) 42. Re5 (42. Rh5 $5 ) 42... Kd6 43. Rb5 Kc6 {[%emt 0:00:10] [#] ...Rc5 is the strong threat.} 44. b4 {[%emt 0:03:47] Inhibits Rc5.} (44. Rh5 $14) 44... Rc4 {[%emt 0:01:07] The position is equal.} 45. bxa5 bxa5 46. Rxa5 {[%emt 0:00:21] And now Kg3 would win.} Rxh4 47. Kg3 Rd4 48. f4 h5 49. Rxh5 {[%emt 0:01:32] Weighted Error Value: White=0.07 (flawless) /Black=0.06 (flawless)} 1/2-1/2

[Event "11th Festival Palmanova-A 2022"]
[Site "Strassoldo"]
[Date "2022.12.10"]
[Round "5.11"]
[White "Pozzari, Simone"]
[Black "Ranfagni, Stefano"]
[Result "1-0"]
[ECO "A97"]
[WhiteElo "2139"]
[BlackElo "1934"]
[Annotator "TA"]
[PlyCount "53"]
[EventDate "2022.12.08"]
[EventType "swiss"]
[EventCountry "ITA"]
[SourceTitle "playchess.com"]
[Source "ChessBase"]
[SourceQuality "1"]
[TimeControl "5400+30"]

1. d4 e6 2. c4 f5 3. Nc3 Nf6 4. Nf3 d6 5. g3 Be7 6. Bg2 O-O 7. O-O Qe8 8. Re1 Nc6 9. d5 {[%emt 0:01:18] A97: Classical Dutch: Fluid Systems: 7 Nc3 Qe8.} exd5 10. cxd5 Ne5 11. Nd4 {[%emt 0:01:28] [#] White is better.} Bd8 $146 ({Predecessor:} 11... Kh8 12. Qc2 g6 13. Ncb5 Qf7 14. Nxc7 Rb8 15. Nce6 Rg8 16. Bg5 Bd7 17. Rac1 Rgc8 {0-1 (87) Hnydiuk,A (2394)-Postny,E (2563) Chess.com INT 2022}) 12. f4 Neg4 13. Qd3 {[%emt 0:05:38] Inhibits Ne3.} g6 (13... Qg6 $14) 14. Bd2 Bd7 15. h3 {[%emt 0:11:34] Prevents c6.} Nh6 (15... Ne5 {might work better.} 16. fxe5 dxe5) 16. e4 $18 (16. Ne6 Bxe6 17. dxe6 c6 $11) 16... fxe4 17. Nxe4 Nxe4 18. Rxe4 Qf7 19. Ne6 {[%emt 0:02:44] Against c5} Re8 20. Bc3 {[%emt 0:02:15] [#] Hoping for Qd4.} Bf6 {[%emt 0:04:53] Prevents Qd4.} 21. Nxc7 $2 (21. g4 $18 {and White stays clearly on top.}) 21... Rxe4 $16 22. Bxe4 (22. Nxa8 Re7 $11) 22... Rc8 23. Ne6 {[%emt 0:00:30] White is more active.} Kh8 (23... Bxc3 $16 {keeps fighting.} 24. bxc3 Qf6) 24. Rc1 Bxc3 (24... Nf5 $142 25. Bxf5 gxf5 26. Bxf6+ (26. Qxf5 $2 Rxc3 27. Rxc3 Bd4+ 28. Nxd4 Bxf5 $19) 26... Qxf6 27. Rxc8+ Bxc8) 25. Rxc3 $18 ({Don't play} 25. bxc3 $6 Re8 26. Rb1 (26. Qd4+ Kg8 $16) 26... b6) 25... Nf5 $2 {[%emt 0:03:40] [#]} (25... Rxc3 26. Qxc3+ Kg8) 26. Rxc8+ Bxc8 27. Qc3+ {[%emt 0:31:34] Weighted Error Value: White=0.27 (precise) /Black=0.41} 1-0

[Event "11th Festival Palmanova-A 2022"]
[Site "Strassoldo"]
[Date "2022.12.10"]
[Round "5.12"]
[White "Budai, Federico"]
[Black "Hercegovac, Neven"]
[Result "0-1"]
[ECO "B06"]
[WhiteElo "1748"]
[BlackElo "2230"]
[Annotator "TA"]
[PlyCount "96"]
[EventDate "2022.12.08"]
[EventType "swiss"]
[EventCountry "ITA"]
[SourceTitle "playchess.com"]
[Source "ChessBase"]
[SourceQuality "1"]
[TimeControl "5400+30"]

1. e4 g6 2. d4 Bg7 3. Nf3 d6 4. Nc3 a6 5. a4 b6 6. g3 {[%emt 0:03:08] B06: Modern Defence.} Bb7 7. Bg2 Nd7 8. Be3 {[%emt 0:01:08] White is slightly better.} Ngf6 {[%emt 0:00:15][%cal Bg8f6,Bf6g4,Bg4e3][%mdl 32] [#]} 9. Qd3 $146 ({Predecessor:} 9. d5 c5 10. dxc6 Bxc6 11. Nd4 Bb7 12. O-O Rb8 13. Nd5 O-O 14. Re1 e6 15. Nb4 {1-0 (41) Kosten,A (2514)-Voiska,M (2353) Saint Affrique 2003}) 9... O-O 10. O-O e5 11. d5 Ng4 12. Nd2 Nxe3 13. fxe3 a5 14. Nb5 Nc5 15. Qe2 h5 16. c4 (16. Nb3 $11) 16... Bh6 $17 17. Ra3 Bc8 18. h3 Qe7 19. Nb3 Na6 20. Raa1 Qg5 21. Rf3 Bd7 22. Kh2 Kg7 ({Black should play} 22... f5 $17 23. exf5 Rxf5) 23. Re1 (23. h4 $1 $15 Qd8 24. Bh3) 23... Rh8 (23... h4 $17) 24. h4 $15 Qe7 25. Bh3 Bxh3 26. Kxh3 Rag8 (26... Qd7+ $15 27. Kh2 Rhf8) 27. Ref1 Rh7 $2 (27... Rf8 $11 {and Black is okay.}) 28. Qf2 $2 (28. Rxf7+ $18 Qxf7 29. Rxf7+ Kxf7 30. c5 Nxc5 31. Nxc5 bxc5 32. Nxc7) 28... Kf8 $11 {[%emt 0:00:29] And now ...Qd7+ would win.} 29. Rf6 (29. c5 $11 Nxc5 30. Nxc5 bxc5 31. Qd2) 29... Ke8 ({Black should try} 29... Qd7+ $1 $15 30. Re6 Bxe3 31. Qxe3 Kg7) 30. Kh2 Qd7 $1 {[%emt 0:02:14] Against c5} 31. Qf3 Rf8 {[%emt 0:02:53] Hoping for ...Bg7.} 32. Qf2 Bg7 {[%emt 0:05:57] Against c5} (32... g5 $11) 33. Rf3 $14 Bh8 {[%emt 0:01:05] Against c5} 34. Qg2 (34. c5 $1 $14) 34... f6 35. Qh3 (35. c5 $11) 35... Rhf7 (35... Qg4 $15 {should be considered.}) 36. Qxd7+ $11 Kxd7 37. Kh3 Bg7 38. g4 (38. Kg2 $11 {remains equal.}) 38... hxg4+ $17 39. Kxg4 Bh6 40. Nc3 Nb4 41. R1f2 (41. c5 $17) 41... Ke7 (41... Nd3 $19 42. Rd2 f5+ 43. Kh3 fxe4) 42. Nc1 Rg7 (42... Rh7 $142 43. b3 Rg8) 43. Kh3 (43. Rg2 $142) 43... g5 44. Rg2 {[%emt 0:00:46] Prevents g4+.} Nc2 {[%emt 0:05:20] Threatens to win with ...Ne1.} 45. hxg5 $2 (45. Rg4 $17) 45... Bxg5 $19 {[%emt 0:01:52] ( -> ...Rh8+)} 46. Rxc2 {[%emt 0:00:32] [#] Black must now prevent Rg3.} Bf4 {[%emt 0:00:28][%mdl 576] Against Rg3. Black mates.} 47. Rxf4 exf4 48. Kh2 Rh8# {[%emt 0:33:13] Weighted Error Value: White=0.56/Black=0.29 (precise)} 0-1